 Dungeon Crawl Stone Soup version 0.32-a0-918-g0f22ef8d61 (webtiles) character file.

Game seed: 9519006777004727091

6918 casanoah the Thaumaturge (level 10, -8/67 HPs)
             Began as a Demonspawn Alchemist on Apr 11, 2024.
             Was a Priest of Vehumet.
             Mangled by a warg (20 damage)
             ... on level 11 of the Dungeon.
             The game lasted 00:33:35 (14316 turns).

casanoah the Thaumaturge (Demonspawn Alchemist)    Turns: 14316, Time: 00:33:36

Health: -8/67      AC: 10    Str:  8    XL:     10   Next: 79%
Magic:  22/22      EV: 12    Int: 35    God:    Vehumet [***...]
Gold:   217        SH:  0    Dex: 14    Spells: 11/25 levels left

rFire   + + .        i - +8 dagger "Reoriwk" {flame, rF+ Str-3 Int+5 Stlth+}
rCold   . . .        (no shield)
rNeg    . . .        a - +0 robe
rPois   .            B - +1 helmet
rElec   .            g - +0 cloak
rCorr   .            D - +0 pair of gloves of Ru's Reproof {rF+ Str+3 Int+4}
SInv    +            G - +0 pair of boots
Will    .....        (no amulet)
Stlth   ++++         c - ring of see invisible
HPRegen 0.31/turn    d - +6 ring of intelligence
MPRegen 0.18/turn

%: no passive effects
@: hasted, studying Necromancy, very quick
A: claws 2, slimy green scales 2, demonic magic 2
a: Renounce Religion


You were on level 11 of the Dungeon.
You worshipped Vehumet.
Vehumet was most pleased with you.
You visited 2 branches of the dungeon, and saw 12 of its levels.

You collected 681 gold pieces.
You spent 464 gold pieces at shops.

Inventory:

Hand Weapons
 i - the +8 dagger "Reoriwk" (weapon) {flame, rF+ Str-3 Int+5 Stlth+}
   (You found it on level 2 of the Dungeon)

   Str-3:     It affects your strength (-3).
   Int+5:     It affects your intelligence (+5).
   rF+:       It protects you from fire.
   Stlth+:    It makes you more stealthy.
 x - the +4 dagger of the Briny Deep {pain, rElec Dex+2}
   (You found it on level 5 of the Dungeon)

   Dex+2:     It affects your dexterity (+2).
   rElec:     It insulates you from electricity.
Armour
 a - a +0 robe (worn)
 g - a +0 cloak (worn)
 B - a +1 helmet (worn)
 D - the +0 pair of gloves of Ru's Reproof (worn) {rF+ Str+3 Int+4}
   (You bought it in a shop on level 3 of the Dungeon)

   Str+3:     It affects your strength (+3).
   Int+4:     It affects your intelligence (+4).
   rF+:       It protects you from fire.
 G - a +0 pair of boots (worn)
Jewellery
 c - a ring of see invisible (left hand)
 d - a +6 ring of intelligence (right hand)
 j - a +6 ring of intelligence
 k - a ring of fire
 A - a +6 ring of dexterity
 H - a ring of ice
Wands
 q - a wand of polymorph (12)
 y - a wand of charming (11)
 J - a wand of iceblast (3)
 K - a wand of digging (6)
Scrolls
 h - a scroll of silence {unknown}
 l - 2 scrolls of vulnerability {unknown}
 n - 2 scrolls of immolation {unknown}
 o - a scroll of fog {unknown}
 p - 2 scrolls of revelation {unknown}
 r - a scroll of enchant armour {unknown}
 v - 2 scrolls of poison {unknown}
 w - 2 scrolls of fear {unknown}
Potions
 b - a potion of magic
 e - 2 potions of haste
 f - 4 potions of attraction
 m - a potion of curing {unknown}
 s - 2 potions of heal wounds
 t - 2 potions of enlightenment
 u - a potion of degeneration {unknown}
 z - 2 potions of mutation {unknown}
 E - 2 potions of brilliance {unknown}
 F - 2 potions of might {unknown}
 I - a potion of resistance {unknown}


   Skills:
 + Level 1.7 Fighting
 + Level 3.5 Short Blades
 + Level 3.3 Dodging
 + Level 6.2 Stealth
 + Level 8.0 Spellcasting
 + Level 7.9 Conjurations
 + Level 0.3 Translocations
 + Level 0.2 Ice Magic
 + Level 2.3 Air Magic
 + Level 4.4 Earth Magic
 + Level 7.1 Alchemy


You had 11 spell levels left.
You knew the following spells:

 Your Spells              Type           Power      Damage    Failure   Level
a - Sting                 Conj/Alch      100%       1d9       1%          1
b - Sublimation of Blood  Necr           14%        N/A       4%          2
c - Blink                 Tloc           32%        N/A       4%          2
d - Mephitic Cloud        Conj/Alch/Air  53%        N/A       1%          3
e - Stone Arrow           Conj/Erth      100%       3d13      1%          3
f - Hailstorm             Conj/Ice       42%        3d9       1%          3

Your spell library contained the following spells:

 Spells                   Type           Power      Damage    Failure   Level
 Kiss of Death            Conj/Necr      100%       2d13      1%          1
 Magic Dart               Conj           100%       1d8       1%          1
 Sandblast                Erth           90%        2d19      1%          1
 Mercury Vapours          Alch/Air       94%        N/A       1%          2
 Brom's Barrelling Bould  Conj/Erth      55%        2d7       1%          4
 Olgreb's Toxic Radiance  Alch           59%        N/A       1%          4
 Sticky Flame             Fire/Alch      38%        2d8       1%          4
 Necrotise                Necr           56%        1d6       3%          1
 Slow                     Hex            56%        N/A       3%          1
 Call Imp                 Summ           28%        N/A       4%          2
 Call Canine Familiar     Summ           14%        N/A       9%          3
 Sigil of Binding         Hex            14%        N/A       9%          3
 Vampiric Draining        Necr           14%        2d7       9%          3
 Dimensional Bullseye     Hex/Tloc       7%         N/A       28%         4
 Martyr's Knell           Necr/Summ      14%        N/A       30%         4
 Curse of Agony           Necr           14%        N/A       63%         5
 Summon Hydra             Summ           7%         N/A       100%        7


Dungeon Overview and Level Annotations

Branches:
Dungeon (11/15)            Temple (1/1) D:6
   Lair: D:8-11         Orc: D:9-12

Altars:
Ashenzari
Cheibriados
Dithmenos
Fedhas
Gozag
Hepliaklqana
Kikubaaqudgha
Makhleb
Nemelex Xobeh
Okawaru
Qazlal
Ru
Sif Muna
Trog
Uskayaw
Vehumet
Wu Jian
Xom
Yredelemnul

Shops:
D:3 *   D:10 *

Annotations:
D:7 3 runed translucent doors, rbyellow5's ghost, novice MDFi


Innate Abilities, Weirdness & Mutations

You have very sharp fingernails.
You are mostly covered in slimy green scales. (AC +3)
Spells you cast may paralyse nearby enemies.


Message History

The troll is almost dead.
You kill the troll!
Vehumet accepts your kill.
You feel your power returning.
Your Spellcasting skill increases to level 8!
You start resting.
Magic restored.
HP restored.
There is an open door, spattered with blood here.
You see here a vampire mosquito corpse.
A warg comes into view.
There is an open door here.
A warg is nearby!
A warg is nearby!
A warg is nearby! 2 orcs come into view.
An orc is wielding a +0 dagger of speed.
The orc shouts! x2; The warg howls!
You hear a shout!
The orc moves out of view.
Casting: Sting (safe; 1% risk of failure)
Confirm with . or Enter, or press ? or * to list all spells.
Aiming: Sting (safe; 1% risk of failure)
Press: ? - help, Shift-Dir - straight line, f - warg
Aim: a warg (72% to hit)
The sting hits the warg but does no damage.
The warg is poisoned.
Malevolent energies surge around you.
The wyvern hisses angrily.
The warg bites you!
You closely miss the warg. The warg bites you!
You hit the warg. You burn the warg.
The warg is moderately wounded.
The warg bites you! x2
* * * LOW HITPOINT WARNING * * *
You feel much better. The warg barely misses you.
You feel yourself speed up. The warg bites you!
* * * LOW HITPOINT WARNING * * *
The warg closely misses you.
There is an open door here.
The warg attacks as it pursues you! The warg bites you!!
You die...

####### #########
#.....# #.....<..
#.....# #######.###
###.....# ##.......#
#.'.....###..#.#.###
#.....#...##.#>..#
#.....#.####.#.#.#
#.....†.# #.#.#.#
#..@..### #.### #
##h#### #.. #..# ###
#o##


.ko ..... #...... #$...... ......... You could see a warg (poisoned), a wyvern
and an orc.

Vanquished Creatures
  2 two-headed ogres
  A troll (D:11)
  A hornet (D:7)
  Sigmund (D:5)
  A shadow (D:9)
  2 wraiths (D:10)
  7 yaks
  A steam dragon (D:9)
  2 vampire mosquitoes (D:11)
  Edmund (D:5)
  Duvessa (D:7)
  An orc warrior (D:9)
  3 water moccasins
  A black bear (D:8)
  3 ice beasts
  A hornet zombie (D:5)
  A wolf (D:11)
  3 centaurs
  A phantom (D:5)
  4 kobold brigands
  A weeping skull (D:5)
  A bullfrog (D:7)
  A spectral water moccasin (D:5)
  3 scorpions
  Dowan (D:7)
  7 wights
  5 howler monkeys
  A spectral bullfrog (D:5)
  3 bombardier beetles
  A hound (D:5)
  Crazy Yiuf (D:5)
  An orc priest (D:10)
  A gnoll bouda (D:6)
  A sleepcap (D:7)
  2 iguanas
  4 orc wizards
  11 gnolls
  5 adders
  2 white imps
  A dart slug (D:3)
  3 ribbon worms
  30 orcs
  4 bats
  6 endoplasms
  8 hobgoblins
  2 jackals (D:3)
  A quokka (D:1)
  2 ball pythons
  5 frilled lizards
  5 goblins
  25 kobolds
  5 rats
187 creatures vanquished.

Vanquished Creatures (others)
  A water moccasin skeleton (D:5)
1 creature vanquished.

Grand Total: 188 creatures vanquished

Notes
Turn   | Place    | Note
-------+----------+-------------------------------------------
     0 | D:1      | casanoah the Demonspawn Alchemist began the quest for the
                  | Orb.
     0 | D:1      | Reached XP level 1. HP: 13/13 MP: 3/3
     4 | D:1      | Got Miomudug's Discourse on Starting Spells
   362 | D:1      | Gained mutation: You are partially covered in slimy green
                  | scales. (AC +2) [demonic ancestry]
   362 | D:1      | Reached XP level 2. HP: 18/19 MP: 0/5
  1034 | D:2      | Identified the +8 dagger "Reoriwk" {flame, rF+ Str-3 Int+5
                  | Stlth+}
  1187 | D:2      | Reached XP level 3. HP: 24/24 MP: 4/6
  1869 | D:2      | Learned a level 2 spell: Sublimation of Blood
  1872 | D:2      | Learned a level 2 spell: Blink
  1972 | D:3      | Found Kongoag's General Store.
  2040 | D:3      | Found a faded altar of an unknown god.
  2137 | D:3      | Reached skill level 1 in Short Blades
  2137 | D:3      | Gained mutation: You have sharp fingernails. [demonic
                  | ancestry]
  2137 | D:3      | Reached XP level 4. HP: 30/30 MP: 7/7
  2141 | D:3      | Learned a level 3 spell: Mephitic Cloud
  3247 | D:4      | Found a radiant altar of Vehumet.
  3263 | D:4      | Reached XP level 5. HP: 31/35 MP: 4/9
  3286 | D:4      | Became a worshipper of Vehumet
  3607 | D:5      | Entered Level 5 of the Dungeon
  3708 | D:5      | Noticed Sigmund
  3740 | D:5      | Killed Sigmund
  3741 | D:5      | Reached skill level 3 in Spellcasting
  3741 | D:5      | Gained mutation: Spells you cast may paralyse adjacent
                  | enemies. [demonic ancestry]
  3741 | D:5      | Reached XP level 6. HP: 36/41 MP: 2/11
  4090 | D:5      | Found a runed translucent door.
  4091 | D:5      | Noticed Crazy Yiuf
  4208 | D:5      | Noticed a yak
  4208 | D:5      | Noticed a yak
  4208 | D:5      | Noticed a yak
  4208 | D:5      | Noticed a yak
  4369 | D:5      | Reached skill level 1 in Air Magic
  4415 | D:5      | Noticed Edmund
  4435 | D:5      | Killed Edmund
  4436 | D:5      | Gained mutation: Spells you cast may paralyse nearby
                  | enemies. [demonic ancestry]
  4436 | D:5      | Reached XP level 7. HP: 20/46 MP: 0/12
  4660 | D:5      | Found an ancient bone altar of Kikubaaqudgha.
  5683 | D:5      | Learned a level 3 spell: Stone Arrow
  5685 | D:6      | Found a staircase to the Ecumenical Temple.
  5703 | D:5      | Found a stormy altar of Qazlal.
  5764 | D:6      | Reached skill level 4 in Spellcasting
  5917 | Temple   | Entered the Ecumenical Temple
  6151 | D:6      | Reached * piety under Vehumet
  6151 | D:6      | Offered knowledge of Foxfire by Vehumet.
  6488 | D:6      | Reached skill level 1 in Earth Magic
  6488 | D:6      | Reached skill level 5 in Alchemy
  6488 | D:6      | Gained mutation: You have very sharp fingernails. [demonic
                  | ancestry]
  6488 | D:6      | Reached XP level 8. HP: 38/52 MP: 14/14
  6576 | D:6      | Found a broken altar of Ashenzari.
  7077 | D:5      | Reached skill level 1 in Fighting
  7077 | D:5      | Reached skill level 5 in Spellcasting
  7152 | D:5      | Reached skill level 5 in Conjurations
  7818 | D:5      | Reached XP level 9. HP: 59/59 MP: 12/17
  7874 | D:5      | Identified the +4 dagger of the Briny Deep {pain, rElec
                  | Dex+2}
  8049 | D:5      | Killed Crazy Yiuf
  8153 | D:7      | Noticed Duvessa
  8170 | D:7      | Killed Duvessa
  8176 | D:7      | Noticed Dowan
  8195 | D:7      | Killed Dowan
  8325 | D:7      | Found a runed translucent gate.
  8326 | D:7      | Found a runed translucent gate.
  8326 | D:7      | Found a runed translucent gate.
  8426 | D:7      | Reached skill level 6 in Spellcasting
  8448 | D:7      | Reached skill level 5 in Stealth
  8766 | D:7      | Noticed rbyellow5's ghost (novice MDFi)
  9006 | D:7      | Reached ** piety under Vehumet
  9033 | D:7      | Offered knowledge of Shock by Vehumet.
  9500 | D:8      | Noticed a two-headed ogre
  9682 | D:3      | Bought the +0 pair of gloves of Ru's Reproof {rF+ Str+3
                  | Int+4} for 464 gold pieces
  9767 | D:8      | HP: 2/59 [two-headed ogre/+0 dire flail (19)]
 11097 | D:8      | Found a shimmering blue altar of Sif Muna.
 11311 | D:9      | Gained mutation: You are mostly covered in slimy green
                  | scales. (AC +3) [demonic ancestry]
 11311 | D:9      | Reached XP level 10. HP: 53/66 MP: 12/20
 11559 | D:9      | Found a hazy altar of Hepliaklqana.
 11565 | D:9      | Reached skill level 7 in Spellcasting
 11639 | D:9      | Noticed a two-headed ogre
 11642 | D:9      | Found a basalt altar of Yredelemnul.
 12010 | D:9      | Killed a two-headed ogre
 12129 | D:9      | Offered knowledge of Hailstorm by Vehumet.
 12152 | D:9      | Learned a level 3 spell: Hailstorm
 12189 | D:9      | Found a shadowy altar of Dithmenos.
 12264 | D:9      | Found a blossoming altar of Fedhas.
 12456 | D:9      | Found a bloodstained altar of Trog.
 12745 | D:10     | Entered Level 10 of the Dungeon
 12865 | D:10     | Noticed a two-headed ogre
 12871 | D:10     | Killed a two-headed ogre
 13121 | D:10     | Found a sparkling altar of Nemelex Xobeh.
 13289 | D:10     | Found Xeraesch's Assorted Antiques.
 13356 | D:10     | Reached *** piety under Vehumet
 13509 | D:10     | Found a shimmering altar of Xom.
 13926 | D:10     | Found an iron altar of Okawaru.
 14282 | D:11     | Reached skill level 8 in Spellcasting
 14316 | D:11     | Mangled by a warg

Illustrated notes

Levels and vault maps discovered:
D:1:      minmay_arrival_four_circles, layout_loops_ring,
          ebering_dispersal_statue_hall, grunt_decor_fettered,
          minmay_misc_feat_roman
D:2:      layout_basic, amcnicky_mini_rare_corridor_liquid
D:3:      cheibrodos_old_hovel, layout_basic, ebering_ecumenical_altar_hall,
          serial_shops, nicolae_shop_tiny_waterfront
D:4:      layout_rooms, lemuel_doored_altar, minmay_misc_feat_x
D:5:      layout_basic, mainiacjoe_overflow_boulevard, grunt_qazlal_clouds,
          minivault_5, dilly_guarded_unrand_morg, uniq_sigmund, uniq_edmund,
          uniq_crazy_yiuf_cottage
D:6:      layout_basic, mainiacjoe_overflow_cross_hatched,
          minmay_temple_entry_statues_fountains
D:7:      layout_loops_ring, gammafunk_ghost_split, st_stairs_3, uniq_duvessa
D:8:      black_bear_nest_1, layout_basic, lemuel_crystal_altar
D:9:      layout_small_grid, fedhas_bush_and_centaur_altar,
          nicolae_dithmenos_shadow_blocks, mainiacjoe_overflow_catwalk_spiral,
          mainiacjoe_overflow_big_doors
D:10:     layout_basic, nemelex_xobeh_ov_fountains_minmay,
          hellmonk_okawaru_the_only_friend_you_need,
          mainiacjoe_overflow_catwalk, serial_shops, shop
D:11:     layout_roguey, erik_lair_orcish_takeover,
          ploomutoo_gammafunk_ghost_potion_laboratory
Temple:   nicolae_temple_bog_church

Skill      XL: |  1  2  3  4  5  6  7  8  9 10 |
---------------+-------------------------------+-----
Dodging        | 2 3 |  3.3
Stealth        | 2 3 4 5 6 |  6.2
Short Blades   | 1 2 3 |  3.5
Alchemy        | 4 5 6 7 |  7.1
Conjurations   | 2 3 4 5 7 |  7.9
Spellcasting   | 3 4 5 6 8 |  8.0
Air Magic      | 1 2 |  2.3
Earth Magic    | 1 2 3 4 |  4.4
Fighting       | 1 |  1.7
Translocations | |  0.3
Ice Magic      | |  0.2

Action                     |  1- 3 |  4- 6 |  7- 9 | 10-12 || total
---------------------------+-------+-------+-------+-------++-------
  Melee: Unarmed           |    22 |       |       |       ||    22
         Dagger            |     9 |    25 |    78 |    17 ||   129
   Cast: Sting             |    44 |    55 |   102 |    31 ||   232
         Mephitic Cloud    |       |     9 |    14 |     3 ||    26
         Blink             |       |     1 |     3 |       ||     4
         Stone Arrow       |       |       |    42 |    29 ||    71
         Hailstorm         |       |       |       |     6 ||     6
    Use: Scroll            |     1 |     1 |     4 |     1 ||     7
         Potion            |       |       |       |     2 ||     2
   Stab: Sleeping          |     5 |       |     3 |       ||     8
         Confused          |       |     1 |     2 |       ||     3
         Paralysed         |       |       |    15 |     3 ||    18
 Armour: Robe              |    37 |    22 |    71 |    25 ||   155
  Dodge: Dodged            |    34 |    21 |    67 |    19 ||   141

Table legend: (Time is in decaauts)
 A = Elapsed time spent in this place.
 B = Non-inter-level travel time spent in this place.
 C = Inter-level travel time spent in this place.
 D = Time resting spent in this place.
 E = Time spent auto-exploring this place.
 F = Levels seen in this place.
 G = Mean time per level.
                   A        B        C        D        E       F      G
               +--------+--------+--------+--------+--------+-----+--------+
         Total |  14316 |  13555 |    761 |   4677 |   6621 |  12 | 1193.0 |
       Dungeon |  14275 |  13524 |    751 |   4677 |   6621 |  11 | 1297.7 |
        Temple |     40 |     30 |     10 |      0 |      0 |   1 |   40.0 |
               +--------+--------+--------+--------+--------+-----+--------+

Top non-repeatable levels by time:
     D:5: 3109 daAuts
     D:7: 2078 daAuts
    D:10: 1444 daAuts
     D:6: 1399 daAuts
     D:9: 1318 daAuts
     D:4: 1141 daAuts
     D:1: 1011 daAuts
     D:8: 950 daAuts
     D:2: 904 daAuts
     D:3: 794 daAuts
    D:11: 122 daAuts
  Temple: 40 daAuts
